 Dungeon Crawl Stone Soup version 0.26.1-11-gd32895ea62 (webtiles) character file.

Game seed: 10334555248257240400

145 MisterFreud the Skirmisher (level 5, -7/47 HPs)
             Began as a Gnoll Abyssal Knight on June 10, 2021.
             Was a Follower of Lugonu.
             Mangled by an ogre
             ... wielding a +0 giant club
              (15 damage)
             ... on level 3 of the Dungeon.
             The game lasted 00:03:10 (2812 turns).

MisterFreud the Skirmisher (Gnoll Abyssal Knight)   Turns: 2812, Time: 00:03:10

Health: -7/47      AC:  3    Str: 15    XL:     5   Next: 27%
Magic:  8/8        EV: 17    Int: 15    God:    Lugonu [*.....]
Gold:   78         SH:  0    Dex: 14    Spells: 6/6 levels left

rFire    . . .     SeeInvis .   a - +1 short sword
rCold    . . .     Faith    .   (no shield)
rNeg     + . .     Spirit   .   b - +0 leather armour
rPois    .         Reflect  .   (no helmet)
rElec    .         Harm     .   (no cloak)
rCorr    .         Rampage  .   (no gloves)
Will     .....                  (no boots)
Stlth    ++........             (no amulet)
HPRegen  0.15/turn              p - ring of positive energy
MPRegen  0.11/turn              k - +4 ring of evasion

@: no status effects
A: distributed training, fangs 1, strong nose
a: Renounce Religion, Depart the Abyss


You were on level 3 of the Dungeon.
You worshipped Lugonu.
Lugonu was aware of your devotion.
You visited 1 branch of the dungeon, and saw 3 of its levels.
You visited the Abyss 1 time.

You collected 78 gold pieces.

Inventory:

Hand Weapons
 a - a +1 short sword (weapon)
Missiles
 e - 4 javelins
Armour
 b - a +0 leather armour (worn)
Jewellery
 k - a +4 ring of evasion (right hand)
 p - a ring of positive energy (left hand)
Wands
 u - a wand of flame (15)
Scrolls
 c - 2 scrolls of remove curse {unknown}
 d - a scroll of random uselessness {unknown}
 f - 2 scrolls of blinking {unknown}
 h - 5 scrolls of identify {unknown}
 l - 3 scrolls of teleportation {unknown}
 o - 2 scrolls of magic mapping {unknown}
 s - a scroll of fear {unknown}
 t - a scroll of enchant armour {unknown}
Potions
 g - 2 potions of degeneration {unknown}
 i - 2 potions of invisibility {unknown}
 j - 2 potions of curing {unknown}
 m - 2 potions of haste {unknown}
 n - a potion of berserk rage {unknown}
 q - a potion of flight {unknown}
 r - a potion of brilliance {unknown}


   Skills:
 + Level 6.7 Fighting
 + Level 4.7 Short Blades
 + Level 1.4 Long Blades
 + Level 1.4 Axes
 + Level 1.4 Maces & Flails
 + Level 1.4 Polearms
 + Level 1.4 Staves
 + Level 1.4 Slings
 + Level 1.4 Bows
 + Level 1.4 Crossbows
 + Level 1.4 Throwing
 + Level 4.7 Armour
 + Level 2.9 Dodging
 + Level 1.4 Stealth
 + Level 1.4 Shields
 + Level 1.4 Unarmed Combat
 + Level 1.4 Spellcasting
 + Level 1.1 Conjurations
 + Level 1.1 Hexes
 + Level 1.1 Summonings
 + Level 1.1 Necromancy
 + Level 1.1 Translocations
 + Level 1.1 Transmutations
 + Level 1.1 Fire Magic
 + Level 1.1 Ice Magic
 + Level 1.1 Air Magic
 + Level 1.1 Earth Magic
 + Level 1.1 Poison Magic
 + Level 4.8 Invocations
 + Level 1.4 Evocations


You had 6 spell levels left.
You didn't know any spells.
Your spell library was empty.

Dungeon Overview and Level Annotations

Branches:
Dungeon (3/15)

Altars:


Innate Abilities, Weirdness & Mutations

Your experience applies equally to all skills.
You have very sharp teeth.
Your uncanny sense of smell can sniff out nearby items.


Message History

The ogre is moderately wounded.
The ogre misses you.
You hit the ogre.
The ogre is moderately wounded.
You hit the ogre but do no damage.
The ogre is moderately wounded.
The ogre closely misses you.
You hit the ogre but do no damage.
The ogre is moderately wounded.
The ogre misses you.
You barely miss the ogre.
The ogre is moderately wounded.
You hit the ogre.
The ogre is moderately wounded.
The ogre hits you with a +0 giant club!
* * * LOW HITPOINT WARNING * * *
You hit the ogre but do no damage. Your bite misses the ogre.
The ogre is moderately wounded.
The ogre hits you with a +0 giant club!
You die...

### ### ..#
#.. #.# #.#
#.# #.# #.#
##.#######.#
#.#
#...@O......
#.#
#..######..#
#.# #.........
#.#
#####.#####...
..# #........#
### #.###.##.#
# ##.###.# # #
#......♣ #
#..####♣


You could see an ogre.

Vanquished Creatures
  An orc wizard (D:3)
  Jessica (D:3)
  3 gnolls (D:3)
  3 oozes
  2 worms (D:2)
  A dart slug (D:2)
  A leopard gecko (D:1)
  3 orcs (D:3)
  2 bats
  A giant cockroach (D:1)
  3 goblins (D:1)
  9 hobgoblins
  5 frilled lizards
  3 kobolds
  5 rats
43 creatures vanquished.

Vanquished Creatures (others)
  3 plants (D:3)
3 creatures vanquished.

Grand Total: 46 creatures vanquished

Notes
Turn   | Place    | Note
-------+----------+-------------------------------------------
     0 | Abyss:1  | MisterFreud the Gnoll Abyssal Knight began the quest for
                  | the Orb.
     0 | Abyss:1  | Reached XP level 1. HP: 23/23 MP: 3/3
   103 | Abyss:1  | Noticed an iron imp
   106 | D:1      | Escaped the Abyss
   266 | D:1      | Reached XP level 2. HP: 25/29 MP: 5/5
   757 | D:1      | Reached * piety under Lugonu
  1081 | D:1      | Reached XP level 3. HP: 35/35 MP: 6/6
  2279 | D:2      | Reached skill level 1 in Long Blades
  2279 | D:2      | Reached skill level 1 in Axes
  2279 | D:2      | Reached skill level 1 in Maces & Flails
  2279 | D:2      | Reached skill level 1 in Polearms
  2279 | D:2      | Reached skill level 1 in Staves
  2279 | D:2      | Reached skill level 1 in Slings
  2279 | D:2      | Reached skill level 1 in Bows
  2279 | D:2      | Reached skill level 1 in Crossbows
  2279 | D:2      | Reached skill level 1 in Throwing
  2279 | D:2      | Reached skill level 1 in Stealth
  2279 | D:2      | Reached skill level 1 in Shields
  2279 | D:2      | Reached skill level 1 in Unarmed Combat
  2279 | D:2      | Reached skill level 1 in Spellcasting
  2279 | D:2      | Reached skill level 1 in Evocations
  2368 | D:3      | Reached XP level 4. HP: 30/41 MP: 7/7
  2519 | D:3      | Reached skill level 1 in Conjurations
  2519 | D:3      | Reached skill level 1 in Hexes
  2519 | D:3      | Reached skill level 1 in Summonings
  2519 | D:3      | Reached skill level 1 in Necromancy
  2519 | D:3      | Reached skill level 1 in Translocations
  2519 | D:3      | Reached skill level 1 in Transmutations
  2519 | D:3      | Reached skill level 1 in Fire Magic
  2519 | D:3      | Reached skill level 1 in Ice Magic
  2519 | D:3      | Reached skill level 1 in Air Magic
  2519 | D:3      | Reached skill level 1 in Earth Magic
  2519 | D:3      | Reached skill level 1 in Poison Magic
  2535 | D:3      | Reached XP level 5. HP: 34/47 MP: 8/8
  2709 | D:3      | Noticed Jessica
  2711 | D:3      | Killed Jessica
  2800 | D:3      | Noticed an ogre
  2812 | D:3      | Mangled by an ogre

Illustrated notes

Levels and vault maps discovered:
D:1:      heliophobic_arrival_glass_houses, layout_loops_ring,
          serial_co_window_serial, co_window_corner_a, co_window_paths_a,
          co_window_corner_a, co_window_corner_a, co_window_paths_b,
          co_window_broadway_b, co_window_2corner, co_window_of_opportunity_b,
          co_window_cross_3, co_window_of_opportunity_c, co_window_sun,
          co_window_paths_e, glass_columns_c, glass_columns_a, glass_columns_a,
          glass_columns_b
D:2:      layout_rooms
D:3:      layout_loops_corners, tgw_xom, serial_forest,
          infiniplex_forest_straight_2, infiniplex_forest_split,
          infiniplex_forest_clump_double, infiniplex_forest_lined_corner,
          infiniplex_forest_straight_3, infiniplex_forest_clump_long,
          infiniplex_forest_clump_small, infiniplex_forest_zigzag_1,
          minmay_fractal_squares_5, uniq_jessica, uniq_sigmund

Skill      XL: |  1  2  3  4 |
---------------+-------------+-----
Long Blades    | 1 |  1.4
Axes           | 1 |  1.4
Maces & Flails | 1 |  1.4
Polearms       | 1 |  1.4
Staves         | 1 |  1.4
Slings         | 1 |  1.4
Bows           | 1 |  1.4
Crossbows      | 1 |  1.4
Throwing       | 1 |  1.4
Stealth        | 1 |  1.4
Shields        | 1 |  1.4
Unarmed Combat | 1 |  1.4
Spellcasting   | 1 |  1.4
Evocations     | 1 |  1.4
Conjurations   | 1 |  1.1
Hexes          | 1 |  1.1
Summonings     | 1 |  1.1
Necromancy     | 1 |  1.1
Translocations | 1 |  1.1
Transmutations | 1 |  1.1
Fire Magic     | 1 |  1.1
Ice Magic      | 1 |  1.1
Air Magic      | 1 |  1.1
Earth Magic    | 1 |  1.1
Poison Magic   | 1 |  1.1
Fighting       | |  6.7
Short Blades   | |  4.7
Armour         | |  4.7
Dodging        | |  2.9
Invocations    | |  4.8

Action                   |  1- 3 |  4- 6 || total
-------------------------+-------+-------++-------
Melee: Short sword       |   137 |    44 ||   181
       Bite              |    20 |     6 ||    26
       Punch             |     1 |       ||     1
Invok: Depart the Abyss  |     1 |       ||     1
 Stab: Sleeping          |       |     1 ||     1
Armor: Leather armour    |    36 |     3 ||    39
Dodge: Dodged            |    72 |    28 ||   100
